 Dungeon Crawl Stone Soup version 0.21.1-1-g345015f (webtiles) character file.

200 letownia2 the Chiller (level 5, -3/37 HPs)
             Began as a Merfolk Ice Elementalist on Feb 15, 2018.
             Was an Initiate of Cheibriados.
             Killed by nerve-wracking pain
             ... invoked by a shadow imp
              (11 damage)
             ... on level 5 of the Dungeon.
             The game lasted 00:07:47 (1218 turns).

letownia2 the Chiller (Merfolk Ice Elementalist)    Turns: 1218, Time: 00:07:48

Health: -3/37      AC:  3    Str:  9    XL:     5   Next: 79%
Magic:  2/8        EV: 12    Int: 17    God:    Cheibriados [......]
Gold:   58         SH:  0    Dex: 15    Spells: 0/8 levels left

rFire    . . .     SeeInvis .   a - +0 quarterstaff
rCold    . . .     Gourm    .   (shield currently unavailable)
rNeg     . . .     Faith    .   g - +0 leather armour
rPois    .         Spirit   .   (no helmet)
rElec    .         Reflect  .   (no cloak)
rCorr    .         Harm     .   (no gloves)
MR       .....                  (no boots)
Stlth    ++........             (no amulet)
HPRegen  0.12/turn              (no ring)
MPRegen  0.11/turn              (no ring)

@: very slightly contaminated, very slow
A: change form in water, swift swim, stealthy swim
a: Bend Time, Renounce Religion


You were on level 5 of the Dungeon.
You worshipped Cheibriados.
Cheibriados was noncommittal.
You were not hungry.

You visited 2 branches of the dungeon, and saw 6 of its levels.

You collected 58 gold pieces.

Inventory:

Hand Weapons
 a - a +0 quarterstaff (weapon)
 e - a +0 hunting sling
 h - a +0 dagger
Missiles
 m - an exploding tomahawk (quivered)
Armour
 f - a +0 robe
 g - a +0 leather armour (worn)
 i - a +0 ring mail
Scrolls
 j - a scroll of amnesia {unknown}
 k - a scroll of teleportation {unknown}
 n - a scroll of identify
Potions
 o - 2 potions of curing
Books
 b - a book of Frost

   Spells                             Type                      Level
   a - Freeze                         Ice                          1
   b - Throw Frost                    Conjuration/Ice              2
   c - Ozocubu's Armour               Charms/Ice                   3
   d - Throw Icicle                   Conjuration/Ice              4
   e - Summon Ice Beast               Ice/Summoning                4
Comestibles
 c - 2 rations
 d - 5 chunks of flesh


   Skills:
 - Level 1.2 Fighting
 - Level 2.6 Dodging
 - Level 2.1 Stealth
 + Level 2.4 Spellcasting
   Level 0.7 Conjurations
 - Level 2.0 Charms
 + Level 1.3 Summonings
 + Level 5.6 Ice Magic


You couldn't memorise any spells.
You knew the following spells:

 Your Spells              Type           Power        Failure   Level  Hunger
a - Freeze                Ice            ###.         2%          1    #......
i - Summon Ice Beast      Ice/Summ       ##......     52%         4    #####..
o - Ozocubu's Armour      Chrm/Ice       ###.....     16%         3    ###....


Dungeon Overview and Level Annotations

Branches:
Dungeon (5/15)             Temple (1/1) D:4

Altars:
Cheibriados
Fedhas
Gozag
Hepliaklqana
Nemelex Xobeh
Trog
Vehumet
Yredelemnul
Zin
The Shining One

Annotations:
D:3 sankara's ghost, amateur HaBe


Message History

Unknown command.
You hit the shadow imp.
The shadow imp is heavily wounded.
The shadow imp spits at you. The shadow imp misses you.
Unknown command.
Casting: Freeze
Confirm with . or Enter, or press ? or * to list all spells.
You miscast Ozocubu's Armour.
You are very lightly contaminated with residual magic.
Your skin glows momentarily.
The shadow imp hits you but does no damage.
Unknown command.
You hit the shadow imp but do no damage.
The shadow imp is heavily wounded.
The shadow imp hits you.
* * * LOW HITPOINT WARNING * * *
The shadow imp gestures at you. Pain shoots through your body!
You die...

####.#
#.#####.#
#.......#####.#
#.####........#
####......#....
..#.#.##......
.#. #.#.#.#
##.##
.....#5#.#.. #
#.....@.####
...#.##.## #.#
#.# #.# #.# #[#
#.#


You could see a shadow imp.

Vanquished Creatures
  An orc priest (D:2)
  A hound (D:5)
  2 orc wizards
  5 adders
  2 dart slugs
  12 orcs
  A ball python (D:2)
  A giant cockroach (D:2)
  3 goblins
  4 kobolds
  A quokka (D:4)
  2 bats
  A frilled lizard (D:2)
  4 rats
40 creatures vanquished.

Notes
Turn   | Place    | Note
-------+----------+-------------------------------------------
     0 | D:1      | letownia2 the Merfolk Ice Elementalist began the quest for the Orb.
     0 | D:1      | Reached XP level 1. HP: 13/13 MP: 3/3
    93 | D:2      | Reached skill level 4 in Ice Magic
    93 | D:2      | Reached XP level 2. HP: 15/19 MP: 1/5
   130 | D:2      | Reached XP level 3. HP: 22/24 MP: 1/6
   135 | D:2      | Learned a level 3 spell: Ozocubu's Armour
   218 | D:1      | Reached skill level 1 in Charms
   361 | D:2      | Reached skill level 5 in Ice Magic
   361 | D:2      | Reached XP level 4. HP: 26/30 MP: 3/7
   601 | D:3      | Reached skill level 1 in Fighting
   674 | D:3      | Reached XP level 5. HP: 11/37 MP: 5/8
   690 | D:3      | Learned a level 4 spell: Summon Ice Beast
   748 | D:3      | Noticed sankara's ghost (amateur HaBe)
   838 | D:4      | Found a sparkling altar of Nemelex Xobeh.
   964 | D:4      | Found a staircase to the Ecumenical Temple.
   977 | Temple   | Entered the Ecumenical Temple
  1037 | Temple   | Became a worshipper of Cheibriados the Contemplative
  1100 | D:4      | Noticed an ogre
  1148 | D:4      | Noticed an ogre
  1150 | D:5      | Entered Level 5 of the Dungeon
  1156 | D:5      | Reached skill level 1 in Summonings
  1218 | D:5      | Killed from afar by a shadow imp

Skill      XL: |  1  2  3  4  5 |
---------------+----------------+-----
Ice Magic      | 4 5 |  5.6
Charms         | 1 2 |  2.0
Fighting       | 1 |  1.2
Summonings     | 1 |  1.3
Dodging        | |  2.6
Stealth        | |  2.1
Spellcasting   | |  2.4
Conjurations   | |  0.7

Action                   |  1- 3 |  4- 6 || total
-------------------------+-------+-------++-------
Melee: Unarmed           |     4 |       ||     4
       Dagger            |       |    37 ||    37
       Quarterstaff      |       |    12 ||    12
 Cast: Freeze            |    23 |    50 ||    73
  Use: Potion            |       |     2 ||     2
       Scroll            |       |     2 ||     2
 Stab: Sleeping          |       |     2 ||     2
  Eat: Chunk             |       |     2 ||     2
Armor: Robe              |     1 |       ||     1
       Leather armour    |     2 |    17 ||    19
Dodge: Dodged            |    16 |    51 ||    67
